 Dungeon Crawl Stone Soup version 0.29.1-15-g9cfb28693d (webtiles) character file.

Game seed: 14054598375576874604

61 protoss039 the Digger (level 3, -1/27 HPs)
             Began as a Demonspawn Earth Elementalist on Mar 17, 2023.
             Killed by divine providence
             ... invoked by an orc priest
              (12 damage)
             ... on level 3 of the Dungeon.
             The game lasted 00:02:32 (2445 turns).

protoss039 the Digger (DsEE)                        Turns: 2445, Time: 00:02:32

Health: -1/27      AC:  4    Str:  8    XL:     3   Next: 83%
Magic:  7/7        EV: 11    Int: 18    God:
Gold:   66         SH:  3    Dex: 13    Spells: 4/7 levels left

rFire   . . .      SeeInvis .   o - +1 short sword (venom)
rCold   . . .      Faith    .   k - +0 buckler
rNeg    . . .      Spirit   .   a - +0 robe
rPois   .          Reflect  .   (no helmet)
rElec   .          Harm     .   (no cloak)
rCorr   .          Rampage  .   (no gloves)
Will    .....                   (no boots)
Stlth   ++........              (no amulet)
HPRegen 0.09/turn               (no ring)
MPRegen 0.10/turn               (no ring)

@: no status effects
A: icy blue scales 1, weakness stinger 1
a: no special abilities


You were on level 3 of the Dungeon.
You visited 1 branch of the dungeon, and saw 3 of its levels.

You collected 66 gold pieces.

Inventory:

Hand Weapons
 e - a +0 dagger
 i - a +2 sling of freezing
 o - a +1 short sword of venom (weapon)
Armour
 a - a +0 robe (worn)
 k - a +0 buckler (worn)
Scrolls
 c - a scroll of blinking {unknown}
 f - 2 scrolls of identify {unknown}
 g - a scroll of noise {unknown}
 m - a scroll of enchant armour {unknown}
 n - a scroll of acquirement {unknown}
Potions
 b - a potion of magic
 d - a potion of flight {unknown}
 h - a potion of heal wounds {unknown}
 j - a potion of might {unknown}
 l - a potion of mutation {unknown}


   Skills:
 + Level 1.8 Fighting
 - Level 1.7 Dodging
 - Level 1.7 Stealth
 + Level 2.7 Spellcasting
 - Level 0.8 Transmutations
 + Level 3.3 Earth Magic


You had 4 spell levels left.
You knew the following spells:

 Your Spells              Type           Power      Damage    Failure   Level
a - Sandblast             Erth           28%        2d8       6%          1
b - Passwall              Tmut/Erth      8%         N/A       14%         2

Your spell library contained the following spells:

 Spells                   Type           Power      Damage    Failure   Level
 Ensorcelled Hibernation  Hex/Ice        4%         N/A       34%         2
 Poisonous Vapours        Pois/Air       4%         N/A       34%         2
 Sublimation of Blood     Necr           2%         N/A       34%         2
 Stone Arrow              Conj/Erth      16%        3d8       34%         3
 Portal Projectile        Hex/Tloc       4%         N/A       56%         3
 Swiftness                Air            2%         N/A       56%         3
 Tukima's Dance           Hex            2%         N/A       56%         3
 Petrify                  Tmut/Erth      10%        N/A       67%         4
 Animate Dead             Necr           2%         N/A       92%         4
 Corpse Rot               Necr/Pois/Air  2%         N/A       92%         4
 Blade Hands              Tmut           2%         N/A       99%         5
 Irradiate                Conj/Tmut      2%         3d12      99%         5
 Haunt                    Necr/Summ      1%         N/A       100%        7
 Infestation              Necr           1%         N/A       100%        8


Dungeon Overview and Level Annotations

Branches:
Dungeon (3/15) Zot: 15510

Altars:


Innate Abilities, Weirdness & Mutations

You are partially covered in icy blue scales. (AC +2)
You have a small tail.


Message History

Really attack while wielding your +2 sling of freezing?
Okay, then.
Unknown command.
Really attack while wielding your +2 sling of freezing?
Okay, then.
Really attack while wielding your +2 sling of freezing?
Okay, then.
Really attack while wielding your +2 sling of freezing?
Okay, then.
Casting: Sandblast (safe; 6% risk of failure)
Confirm with . or Enter, or press ? or * to list all spells.
Aiming: Sandblast (safe; 6% risk of failure)
Press: ? - help, Shift-Dir - straight line, f - ball python
Aim: a ball python (80% to hit)
The blast of sand hits the ball python!
You kill the ball python!
An orc priest comes into view. It is wielding a +0 club.
Unknown command.
Found 3 stones and 12 gold pieces.
The orc priest mumbles some strange prayers to Beogh against you.
Pain shoots through your body!
Things that are here:
a +1 short sword of venom; 5 stones; a kobold corpse
o - a +1 short sword of venom Your +2 sling of freezing stops glowing.
Your +1 short sword of venom begins to drip with poison!
o - a +1 short sword of venom (weapon)
Unknown command.
You barely miss the orc priest. The orc priest closely misses you.
You closely miss the orc priest. The orc priest misses you.
You hit the orc priest but do no damage.
The orc priest is poisoned.
The orc priest misses you. The orc priest closely misses you.
You barely miss the orc priest. The orc priest hits you with a +0 club.
You hit the orc priest but do no damage.
The orc priest looks as sick as possible!
You tail-slap the orc priest, but do no damage.
The orc priest invokes the aid of Beogh against you.
Beogh smites you!
You die...

## #.#.#
...<. #.#.#
.....###....
...........#
.........#.#
$........#.#
.........#<#
...........#
(......@.###
........o#
...........
.........###
####..##.#
#.. ..# ###
###


You could see an orc priest (extremely poisoned).

Vanquished Creatures
  An adder (D:2)
  A worm (D:2)
  An orc (D:2)
  7 bats
  4 endoplasms (D:2)
  2 giant cockroaches (D:1)
  3 goblins
  2 hobgoblins (D:1)
  2 jackals (D:1)
  A quokka (D:2)
  4 ball pythons
  5 frilled lizards
  8 kobolds
  6 rats
47 creatures vanquished.

Notes
Turn   | Place    | Note
-------+----------+-------------------------------------------
     0 | D:1      | protoss039 the Demonspawn Earth Elementalist began the
                  | quest for the Orb.
     0 | D:1      | Reached XP level 1. HP: 13/13 MP: 3/3
    94 | D:1      | Found a faded altar of an unknown god.
   371 | D:1      | Gained mutation: You are partially covered in icy blue
                  | scales. (AC +2) [demonic ancestry]
   371 | D:1      | Reached XP level 2. HP: 12/20 MP: 3/5
   502 | D:1      | Reached skill level 1 in Fighting
   669 | D:1      | Reached skill level 3 in Earth Magic
  1143 | D:1      | Learned a level 2 spell: Passwall
  1381 | D:2      | Gained mutation: You have a small tail. [demonic ancestry]
  1381 | D:2      | Reached XP level 3. HP: 21/26 MP: 4/6
  2445 | D:3      | Killed from afar by an orc priest

Illustrated notes

Levels and vault maps discovered:
D:1:      spicycebolla_arrival_clurvy, layout_loops_ring,
          ebering_ecumenical_altar_mist
D:2:      layout_loops_ring
D:3:      layout_loops_ring, nicolae_overflow_ecumenical_swirl,
          grunt_ministairs_10, kennysheep_nub, uniq_jessica,
          uniq_crazy_yiuf_cottage, uniq_robin

Skill      XL: |  1  2 |
---------------+-------+-----
Fighting       | 1 |  1.8
Earth Magic    | 3 |  3.3
Dodging        | |  1.7
Stealth        | |  1.7
Spellcasting   | |  2.7
Transmutations | |  0.8

Action                   || total
-------------------------++-------
Melee: Dagger            ||    24
       Unarmed           ||     5
       Whip              ||     4
       Short sword       ||     5
       Tailslap          ||     1
 Fire: Sling             ||    65
 Cast: Sandblast         ||    31
Armor: Robe              ||    33
Dodge: Dodged            ||    55
Block: Buckler           ||     6
